 Dungeon Crawl Stone Soup version 0.31-a0-1009-g454b1f1e0a (webtiles) character file.

Game seed: 6851530666280822722

90 Ivernyr the Shield-Bearer (level 4, -3/37 HPs)
             Began as a Formicid Fighter on Nov 16, 2023.
             Slain by a gnoll
             ... wielding a +0 antimagic flail
              (8 damage)
             ... on level 2 of the Dungeon.
             The game lasted 00:02:21 (1412 turns).

Ivernyr the Shield-Bearer (Formicid Fighter)        Turns: 1412, Time: 00:02:22

Health: -3/37      AC:  7    Str: 22    XL:     4   Next: 85%
Magic:  3/4        EV:  9    Int:  8    God:
Gold:   56         SH:  5    Dex: 13    Spells: 3/3 levels left

rFire   . . .        a - +0 quarterstaff
rCold   . . .        c - +0 buckler
rNeg    . . .        b - +0 scale mail
rPois   .            (helmet unavailable)
rElec   .            (no cloak)
rCorr   .            (no gloves)
SInv    +            (no boots)
Will    .....        (no amulet) Stlth
                     (no ring)
HPRegen 0.26/turn    (no ring)
MPRegen 0.09/turn

%: no passive effects
@: no status effects
A: permanent stasis, dig shafts and tunnels, antennae 3, four strong arms
a: Dig, Shaft Self


You were on level 2 of the Dungeon.
You visited 1 branch of the dungeon, and saw 2 of its levels.

You collected 56 gold pieces.

Inventory:

Hand Weapons
 a - a +0 quarterstaff (weapon)
Armour
 b - a +0 scale mail (worn)
 c - a +0 buckler (worn)
Scrolls
 e - a scroll of noise {unknown}
 g - 2 scrolls of identify {unknown}
 h - 2 scrolls of poison {unknown}
Potions
 d - a potion of might
 f - a potion of experience {unknown}
 i - a potion of heal wounds {unknown}
 j - a potion of invisibility {unknown}


   Skills:
 + Level 3.9 Fighting
 * Level 3.2 Staves
 + Level 3.9 Armour
 + Level 4.7 Shields


You had 3 spell levels left.
You didn't know any spells.
Your spell library was empty.

Dungeon Overview and Level Annotations

Branches:
Dungeon (2/15)

Altars:


Innate Abilities, Weirdness & Mutations

You cannot be hasted, slowed, berserked, paralysed or teleported.
You can dig through walls and to a lower floor.
You have a pair of large antennae on your head. (SInv)
Your four strong arms can wield two-handed weapons with a shield.


Message History

h - 2 scrolls labelled GES ELOOQEGERI (gained 1)
You see here a bat corpse.
You now have 56 gold pieces (gained 7).
Found a cloak.
You enter the shallow water.
Moving in this stuff is going to be slow.
A gnoll comes into view. It is wielding a +0 flail.
A gnoll is nearby!
A gnoll comes into view. It is wielding a +0 antimagic flail.
The gnoll shouts! 2 gnolls come into view.
Found a fuming brown potion.
The gnoll shouts!
The gnoll barely misses you.
You barely miss the gnoll.
Found a robe.
You block the gnoll's attack. x2
The gnoll hits you with a +0 antimagic flail.
You feel your power leaking away.
You sock the gnoll!
The gnoll is severely wounded.
The gnoll hits you from afar with a +0 spear.
The gnoll closely misses you. You block the gnoll's attack.
The gnoll barely misses you. The gnoll hits you but does no damage.
The gnoll hits you from afar with a +0 spear.
The gnoll closely misses you. The gnoll hits you with a +0 flail!
The gnoll hits you with a +0 flail. The gnoll attacks as it pursues you!
The gnoll hits you but does no damage. The gnoll barely misses you.
The gnoll attacks as it pursues you! The gnoll hits you but does no damage.
You sock the gnoll!
The gnoll is almost dead.
The gnoll hits you with a +0 flail!
* * * LOW HITPOINT WARNING * * *
You sock the gnoll!
You kill the gnoll!
The gnoll barely misses you. The gnoll hits you with a +0 spear.
* * * LOW HITPOINT WARNING * * *
The gnoll hits you with a +0 antimagic flail!
You die...

###### #...[# #?...#####
..8###.~~~~~~~####
..8#~~~~≈≈≈≈≈~~~~###
..~~~≈≈≈≈≈≈≈≈≈≈≈~~~###
..≈≈≈≈≈≈~~~~~≈≈≈≈≈~~~#
..≈≈≈~~~~.##~~~~≈≈≈≈~#
..~~~~.....@g##~~~≈≈~##
..~###....##gg.#.~~~~.#
..8.##....####.....!..#
..8...#.### ###......#
........# ......# ........#
##......# ........###
#........#
#.#............###..#.[....#
#.#................# ......#


You could see 3 gnolls.

Vanquished Creatures
  5 gnolls
  An adder (D:2)
  A dart slug (D:1)
  4 ball pythons
  2 bats
  2 endoplasms (D:1)
  2 goblins (D:1)
  A hobgoblin (D:2)
  6 jackals (D:1)
  2 quokkas
  2 kobolds (D:1)
  2 rats (D:1)
30 creatures vanquished.

Notes
Turn   | Place    | Note
-------+----------+-------------------------------------------
     0 | D:1      | Ivernyr the Formicid Fighter began the quest for the Orb.
     0 | D:1      | Reached XP level 1. HP: 18/18 MP: 1/1
   201 | D:1      | Reached XP level 2. HP: 24/24 MP: 2/2
   336 | D:1      | Reached XP level 3. HP: 29/29 MP: 3/3
  1018 | D:2      | Identified the "Patoz"
  1092 | D:1      | Reached XP level 4. HP: 12/37 MP: 4/4
  1326 | D:2      | Found a faded altar of an unknown god.
  1412 | D:2      | Slain by a gnoll

Illustrated notes

Levels and vault maps discovered:
D:1:      minmay_arrival_open_corners, layout_basic, serial_park_tiny_2,
          corexii_item_surrounded_by_moat
D:2:      wander_river, layout_rooms, hellmonk_ecumenical_altar_crossroads

Skill      XL: |  1  2  3 |
---------------+----------+-----
Staves         | 3 |  3.2
Fighting       | |  3.9
Armour         | |  3.9
Shields        | |  4.7

Action                     |  1- 3 |  4- 6 || total
---------------------------+-------+-------++-------
  Melee: Quarterstaff      |    72 |    24 ||    96
 Armour: Scale mail        |    59 |    28 ||    87
  Dodge: Dodged            |    37 |    24 ||    61
  Block: Buckler           |    23 |     8 ||    31

Table legend: (Time is in decaauts)
 A = Elapsed time spent in this place.
 B = Non-inter-level travel time spent in this place.
 C = Inter-level travel time spent in this place.
 D = Time resting spent in this place.
 E = Time spent auto-exploring this place.
 F = Levels seen in this place.
 G = Mean time per level.
                   A        B        C        D        E       F      G
               +--------+--------+--------+--------+--------+-----+--------+
         Total |   1433 |   1416 |     17 |    217 |    943 |   2 |  716.5 |
       Dungeon |   1433 |   1416 |     17 |    217 |    943 |   2 |  716.5 |
               +--------+--------+--------+--------+--------+-----+--------+

Top non-repeatable levels by time:
     D:1: 1242 daAuts
     D:2: 191 daAuts
